 Dungeon Crawl Stone Soup version 0.20-a0-959-gdc9e609 (webtiles) character file.

880 LessRight the Fighter (level 8, -4/93 HPs)
             Began as an Ogre Hunter on Apr 7, 2017.
             Killed by divine providence
             ... invoked by an orc priest
              (14 damage)
             ... on level 5 of the Dungeon.
             The game lasted 00:30:18 (6847 turns).

LessRight the Fighter (Ogre Hunter)                 Turns: 6847, Time: 00:30:19

Health: -4/93      AC:  4    Str: 17    XL:     8   Next: 5%
Magic:  8/8        EV: 10    Int: 14    God:
Gold:   176        SH:  0    Dex:  9    Spells: 7/7 levels left

rFire    . . .     SeeInvis .   a - +0 short sword
rCold    . . .     Gourm    .   (no shield)
rNeg     . . .     Faith    .   b - +0 robe
rPois    .         Spirit   .   (helmet restricted)
rElec    .         Reflect  .   w - +0 cloak
rCorr    .         Harm     .   (gloves unavailable)
MR       .....                  (boots unavailable)
Stlth    +.........             (no amulet)
Regen    0.3/turn               (no ring)
MPRegen  0.2/turn               (no ring)

@: heavily drained
A: unfitting armour, tough skin 1
a: no special abilities


You were on level 5 of the Dungeon.
You were near starving.

You visited 2 branches of the dungeon, and saw 7 of its levels.

You collected 176 gold pieces.

Inventory:

Hand Weapons
 a - a +0 short sword (weapon)
 k - a +0 halberd
 y - a +0 trident
 z - a +0 flail
 C - a +0 whip
 D - a +0 mace
 H - a cursed +2 mace
Missiles
 d - a throwing net (quivered)
 h - 119 stones
 p - 42 sling bullets
Armour
 b - a +0 robe (worn)
 w - a +0 cloak (worn)
Jewellery
 u - an uncursed ring of fire {unknown}
 G - a cursed ring of teleportation {unknown}
Wands
 E - a wand of confusion (17/48)
Scrolls
 e - 2 scrolls of noise {unknown}
 m - 8 scrolls of identify {unknown}
 r - 2 scrolls of magic mapping {unknown}
 s - 4 scrolls of remove curse {unknown}
 t - 2 scrolls of amnesia {unknown}
 x - 2 scrolls of enchant weapon {unknown}
 F - a scroll of immolation {unknown}
 I - a scroll of fear {unknown}
Potions
 j - a potion of mutation {unknown}
 l - a potion of heal wounds
 n - a potion of magic {unknown}
 q - 2 potions of curing
 v - a potion of cancellation {unknown}
 A - a potion of flight {unknown}
 B - 2 potions of agility
Comestibles
 f - 6 bread rations
 g - 3 meat rations
 i - 3 fruits
 o - 2 royal jellies


   Skills:
 + Level 10.0(7.5) Fighting
 - Level 2.4(0.4) Maces & Flails
 - Level 4.0(1.8) Throwing
 - Level 3.6(1.5) Dodging
 - Level 0.6(0.0) Stealth


You had 7 spell levels left.
You didn't know any spells.

Dungeon Overview and Level Annotations

Branches:
Dungeon (6/15)             Temple (1/1) D:4

Altars:
Ashenzari
Cheibriados
Dithmenos
Fedhas
Gozag
Hepliaklqana
Makhleb
Nemelex Xobeh
Qazlal
Ru
Sif Muna
Trog
Uskayaw
Vehumet
Xom
Yredelemnul
Zin
The Shining One

Annotations:
D:5 Sigmund
D:6 Menkaure


Innate Abilities, Weirdness & Mutations

You are too large for most types of armour.
You have tough skin. (AC +1)


Message History

The orc wizard is almost dead.
The orc wizard hits you with a dagger.
* * * LOW HITPOINT WARNING * * *
Throwing (i - inventory. (,) - cycle):
c - a tomahawk (quivered)
Press: ? - help, Shift-Dir - straight line, f/p - orc priest
Aim: an orc priest, wielding a club, wearing a leather armour and wearing a buckler (moderately wounded)
You throw a tomahawk. The tomahawk hits the orc wizard.
You kill the orc wizard!
Your base Fighting skill increases to level 10!
The orc priest closely misses you.
Throwing (i - inventory. (,) - cycle):
d - 2 throwing nets (quivered)
Press: ? - help, Shift-Dir - straight line, f/p - orc priest
Aim: an orc priest, wielding a club, wearing a leather armour and wearing a buckler (moderately wounded)
You throw a throwing net.
The throwing net barely misses the orc priest.
You hit the orc priest.
The orc priest is heavily wounded.
The orc priest mumbles some strange prayers to Beogh against you.
Beogh smites you!
You die...

##.##.###...### #......
#<....####......#.......
####.......##########...(..
#.......##.# #.......##.#
#...<...##.######
#...............#
#.......##.####.#
#.......##@# #>#
#.......##o# #.#
##########.# #.# #.# #.#
#.# ..# #.. ### .(. ##.


You could see an orc priest.

Vanquished Creatures
  A bullfrog (D:5)
  A water moccasin skeleton (D:5)
  5 wights
  2 howler monkeys (D:4)
  A centaur skeleton (D:4)
  An orc wizard (D:5)
  An orc priest (D:3)
  2 worker ants (D:4)
  2 iguanas
  Natasha (thrice) (D:3)
  A killer bee zombie (D:5)
  2 hound skeletons
  4 gnolls (D:3)
  3 adders
  2 oozes (D:4)
  An adder skeleton (D:5)
  2 worms
  2 leopard geckos (D:3)
  20 orcs
  2 ball pythons
  9 giant cockroaches
  5 goblins
  4 hobgoblins
  3 jackals (D:2)
  2 kobolds (D:3)
  3 bats (D:3)
  5 frilled lizards
  9 rats
98 creatures vanquished.

Notes
Turn   | Place    | Note
-------+----------+-------------------------------------------
     0 | D:1      | LessRight the Ogre Hunter began the quest for the Orb.
     0 | D:1      | Reached XP level 1. HP: 22/22 MP: 1/1
    58 | D:1      | Reached skill level 3 in Fighting
   208 | D:1      | Reached XP level 2. HP: 30/32 MP: 2/2
   705 | D:2      | Reached skill level 4 in Fighting
   895 | D:2      | Found a faded altar of an unknown god.
   916 | D:2      | Reached XP level 3. HP: 40/40 MP: 3/3
  1300 | D:2      | Found a sparkling altar of Nemelex Xobeh.
  1328 | D:2      | Reached skill level 5 in Fighting
  1614 | D:3      | Noticed Natasha
  1622 | D:3      | Killed Natasha
  1622 | D:3      | Reached XP level 4. HP: 25/52 MP: 4/4
  1774 | D:3      | Noticed Natasha
  1786 | D:3      | Killed Natasha
  1786 | D:3      | Reached skill level 6 in Fighting
  2023 | D:3      | Noticed Natasha
  2035 | D:3      | Killed Natasha
  2035 | D:3      | Reached XP level 5. HP: 32/59 MP: 5/5
  2826 | D:3      | Reached XP level 6. HP: 64/68 MP: 6/6
  3032 | D:3      | Found a shadowy altar of Dithmenos.
  3034 | D:3      | Found a sacrificial altar of Ru.
  3036 | D:3      | Found a blossoming altar of Fedhas.
  3036 | D:3      | Found a hazy altar of Hepliaklqana.
  3231 | D:3      | Found a radiant altar of Vehumet.
  3560 | D:4      | Reached skill level 7 in Fighting
  3679 | D:4      | Reached skill level 1 in Maces & Flails
  4240 | D:4      | Found a shattered altar of Ashenzari.
  4680 | D:4      | Found a staircase to the Ecumenical Temple.
  4696 | Temple   | Entered the Ecumenical Temple
  4800 | D:4      | Reached XP level 7. HP: 45/78 MP: 7/7
  5097 | D:4      | Reached skill level 8 in Fighting
  5689 | D:5      | Entered Level 5 of the Dungeon
  5994 | D:5      | Noticed Sigmund
  6004 | D:5      | Reached skill level 9 in Fighting
  6037 | D:6      | Noticed Menkaure
  6777 | D:5      | Reached XP level 8. HP: 52/93 MP: 8/8
  6845 | D:5      | Reached skill level 10 in Fighting
  6847 | D:5      | Killed from afar by an orc priest

Vault maps used:
D:1:      dpeg_arrival_ratfight, minmay_misc_feat_cross,
          minmay_misc_feat_ornament
D:2:      chequers_ecumenical_altar_island, nemelex_lonely_heart_becter
D:3:      grunt_temple_overflow_open, first_bread, uniq_natasha
D:4:      nicolae_ashenzari_panopticon, minmay_temple_entry_large_hall
D:5:      elyvilon_altar_3, uniq_sigmund
D:6:      lemuel_doored_altar, kennysheep_mini_moat, grunt_ministairs_15,
          uniq_grinder, uniq_menkaure
Temple:   nicolae_temple_hex_pool

Skill      XL: |  1  2  3  4  5  6  7  8 |
---------------+-------------------------+-----
Fighting       | 3 4 5 6 7 9 10 | 10.0
Dodging        | 2 3 |  3.6
Maces & Flails | 2 |  2.4
Throwing       | |  4.0
Stealth        | |  0.6

Action                   |  1- 3 |  4- 6 |  7- 9 || total
-------------------------+-------+-------+-------++-------
Melee: Short sword       |   126 |   280 |   193 ||   599
Throw: Large rock        |     4 |     8 |    12 ||    24
       Tomahawk          |       |       |     8 ||     8
       Throwing net      |       |       |     1 ||     1
  Use: Potion            |       |       |     2 ||     2
 Stab: Sleeping          |     1 |       |     1 ||     2
  Eat: Chunk             |     2 |    11 |     4 ||    17
       Fruit             |       |       |     1 ||     1
Armor: Robe              |    28 |    58 |    41 ||   127
Dodge: Dodged            |    59 |   159 |    95 ||   313
